 Dungeon Crawl Stone Soup version 0.29.1-2-gbd0b4ee654 (webtiles) character file.

Game seed: 16716711572329009101

33014 croobank the Spry (level 13, -16/67 HPs)
             Began as a Felid Summoner on Nov 7, 2022.
             Was an Initiate of Gozag.
             Shot with a bolt by a naga sharpshooter (25 damage)
             ... on level 1 of the Snake Pit on Nov 8, 2022.
             The game lasted 03:17:09 (55019 turns).

croobank the Spry (Felid Summoner)                 Turns: 55019, Time: 03:17:10

Health: -16/67     AC:  3    Str:  4    XL:     13   Next: 34%
Magic:  14/29      EV: 27    Int: 21    God:    Gozag
Gold:   576        SH:  0    Dex: 13    Spells: 1/34 levels left
                                        Lives:  0   Deaths: 3

rFire   . . .      SeeInvis +   (weapon unavailable)
rCold   + . .      Faith    .   (shield unavailable)
rNeg    + . .      Spirit   .   (body armour unavailable)
rPois   +          Reflect  .   (helmet unavailable)
rElec   .          Harm     .   (cloak unavailable)
rCorr   .          Rampage  .   (gloves unavailable)
Will    ++++.                   (boots unavailable)
Stlth   ++........              (no amulet)
HPRegen 0.21/turn               z - ring of poison resistance
MPRegen 0.21/turn               y - ring "Zused" {Drain rN+ Will+++ Dex-4 SInv}

@: gold aura, quick
A: very small, claws 1, fangs 3, see invisible, speed 1, shaggy fur 3, stealthy
paws, no weapons or thrown items, no armour, multi-lived
a: Renounce Religion, Potion Petition, Call Merchant, Bribe Branch


You were on level 1 of the Snake Pit.
You worshipped Gozag.
Gozag was pleased with you.
You visited 7 branches of the dungeon, and saw 26 of its levels.

You collected 7553 gold pieces.
You spent 913 gold pieces at shops.
You paid 6064 gold pieces to Gozag.

Inventory:

Jewellery
 c - a +4 ring of protection
 d - a +4 ring of protection
 r - a ring of flight
 v - a ring of ice
 y - the ring "Zused" (right paw) {Drain rN+ Will+++ Dex-4 SInv}
   (You acquired it on level 10 of the Dungeon)

   [ring of positive energy]

   Dex:       It affects your dexterity (-4).
   rN:        It protects you from negative energy.
   SInv:      It lets you see invisible.
   Drain:     It drains your maximum health when unequipped.
   Will:      It greatly increases your willpower.
 z - a ring of poison resistance (left paw)
 A - a +4 ring of protection
 C - a ring of wizardry
 E - a +6 ring of dexterity
 K - a ring of willpower
 L - a +4 ring of evasion
Wands
 p - a wand of paralysis (14)
 s - a wand of flame (69)
 G - a wand of mindburst (9)
 H - a wand of roots (5)
 J - a wand of light (3)
Scrolls
 f - 2 scrolls of fog
 m - a scroll of poison
 o - 13 scrolls of teleportation
 t - 3 scrolls of vulnerability
 u - a scroll of silence
 F - a scroll of magic mapping
Potions
 a - 3 potions of magic
 b - 10 potions of curing
 e - 4 potions of flight
 g - 8 potions of attraction
 h - 4 potions of might
 i - a potion of ambrosia
 j - a potion of haste
 k - 4 potions of heal wounds
 l - 2 potions of cancellation
 n - 2 potions of berserk rage
 w - a potion of brilliance
 x - a potion of lignification
 D - 5 potions of resistance
 I - a potion of mutation
Miscellaneous
 B - a condenser vane


   Skills:
 + Level 14.2 Fighting
 + Level 18.4 Dodging
 - Level 3.8 Stealth
 + Level 11.1 Spellcasting
 - Level 7.0 Hexes
 + Level 11.7 Summonings
 + Level 4.3 Translocations
 + Level 5.7 Transmutations
 - Level 5.0 Fire Magic
 - Level 7.0 Air Magic


You had one spell level left.
You knew the following spells:

 Your Spells              Type           Power      Damage    Failure   Level
a - Summon Small Mammal   Summ           100%       N/A       1%          1
b - Call Imp              Summ           57%        N/A       1%          2
c - Call Canine Familiar  Summ           57%        N/A       1%          3
d - Summon Guardian Gole  Hex/Summ       50%        N/A       1%          3
e - Summon Lightning Spi  Summ/Air       50%        N/A       1%          4
f - Summon Cactus Giant   Summ           28%        N/A       8%          6
g - Scorch                Fire           64%        2d8       1%          2
h - Airstrike             Air            20%        2d(3-19)  3%          4
i - Summon Forest         Summ/Tloc      22%        N/A       6%          5
j - Swiftness             Air            41%        N/A       1%          3

Your spell library contained the following spells:

 Spells                   Type           Power      Damage    Failure   Level
 Foxfire                  Conj/Fire      88%        2x1d8     1%          1
 Shock                    Conj/Air       100%       1d9       1%          1
 Freeze                   Ice            44%        1d6       6%          1
 Magic Dart               Conj           44%        1d5       6%          1
 Confusing Touch          Hex            41%        N/A       1%          3
 Inner Flame              Hex/Fire       36%        N/A       1%          3
 Gell's Gravitas          Tloc           29%        N/A       3%          3
 Teleport Other           Tloc           29%        N/A       3%          3
 Cause Fear               Hex            20%        N/A       3%          4
 Dazzling Flash           Conj/Hex       52%        N/A       4%          3
 Ignite Poison            Fire/Tmut/Pois 26%        N/A       4%          3
 Conjure Flame            Conj/Fire      22%        6-21      6%          3
 Mephitic Cloud           Conj/Pois/Air  21%        N/A       7%          3
 Silence                  Hex/Air        20%        N/A       9%          5
 Yara's Violent Unravell  Hex/Tmut       19%        3d9       12%         5
 Anguish                  Hex/Necr       13%        N/A       14%         4
 Fulminant Prism          Conj/Hex       13%        3d9       14%         4
 Blade Hands              Tmut           18%        N/A       14%         5
 Frozen Ramparts          Ice            22%        1d4       17%         3
 Ice Form                 Ice/Tmut       23%        N/A       17%         4
 Flame Wave               Conj/Fire      22%        2d8       21%         4
 Sticky Flame             Conj/Fire      22%        2d4       21%         4
 Iskenderun's Mystic Bla  Conj/Tloc      20%        2d6       24%         4
 Metabolic Englaciation   Hex/Ice        13%        N/A       36%         5
 Irradiate                Conj/Tmut      11%        3d15      43%         5
 Hailstorm                Conj/Ice       11%        3d5       50%         4
 Dispersal                Tloc           14%        N/A       83%         6
 Agony                    Necr           11%        N/A       85%         5
 Lee's Rapid Deconstruct  Erth           5%         3d7*      85%         5
 Enfeeble                 Hex            20%        N/A       95%         7
 Dragon Form              Tmut           18%        N/A       99%         7
 Discord                  Hex            20%        N/A       100%        8
 Dragon's Call            Summ           28%        N/A       100%        9
 Simulacrum               Ice/Necr       Unusable   N/A       N/A         6

Dungeon Overview and Level Annotations

Branches:
Dungeon (15/15)            Temple (1/1) D:5            Lair (5/5) D:8
  Swamp (1/4) Lair:3        Snake (1/4) Lair:3        Slime (0/5) Lair:4
    Orc (2/2) D:10            Elf (1/3) Orc:2
 Vaults: D:13-14     Depths: D:15

Altars:
Ashenzari
Cheibriados
Dithmenos
Elyvilon
Fedhas
Gozag
Hepliaklqana
Kikubaaqudgha
Okawaru
Qazlal
Ru
Sif Muna
Trog
Uskayaw
Wu Jian
Xom
Zin
The Shining One

Shops:
D:13 (   Orc:2 **:*[   Lair:4 **?

Portals:
Abyss: D:9

Annotations:
D:9 2 transporters, Icepheonix32's ghost, novice MiFi
D:13 2 transporters


Innate Abilities, Weirdness & Mutations

You have sharp claws.
You have razor-sharp teeth.
You have supernaturally acute eyesight. (SInv)
You cover ground quickly. (Speed+)
Your thick and shaggy fur keeps you warm. (AC +3, rC+)
Your paws help you pounce on unaware monsters.
You are incapable of wielding weapons or throwing items.
You cannot wear armour.
You gain extra lives every three experience levels.


Message History

The naga sharpshooter shoots a bolt.
The bolt completely misses you. What are your orders? t - Meow!
Orders for allies: a - Attack new target. p - Attack previous target. r - Retreat! s - Stop attacking. g - Guard the area. f - Follow me.
Anything else - Cancel.
Gang up on whom?
Press: ? - help, Dir - move target, f/p - naga sharpshooter
Aim: a naga sharpshooter, wielding a +0 arbalest (moderately wounded, ally target) Attack!
The naga sharpshooter shoots a bolt.
The bolt closely misses you.
Casting: Summon Lightning Spire (dangerous; 1% risk of failure)
Confirm with . or Enter, or press ? or * to list all spells.
The naga sharpshooter shoots a bolt.
The bolt misses you.
You swap places.
A naga warrior comes into view. It is wielding a +0 halberd.
You swap places.
The naga warrior spits poison at you.
The splash of poison hits your cactus giant.
Your lightning spire shoots out a bolt of lightning at the naga sharpshooter!
The bolt of electricity hits the naga sharpshooter!!
You feel a bit more experienced.
Casting: Summon Cactus Giant (quite dangerous; 8% risk of failure)
Confirm with . or Enter, or press ? or * to list all spells.
An electric hum fills the air.
Your lightning spire disappears in a puff of smoke!
The naga sharpshooter shoots a bolt.
The bolt hits your lightning spire!!
Your cactus giant closely misses the naga warrior.
You hear a shout!
The naga sharpshooter gestures wildly while chanting.
The naga sharpshooter magically shoots a bolt.
The bolt hits you!!
* * * LOW HITPOINT WARNING * * *
The naga warrior spits poison at you.
The splash of poison hits your cactus giant.
The naga sharpshooter gestures wildly while chanting.
The naga sharpshooter magically shoots a bolt.
The bolt hits you!!
You die...
Your body crumbles into a pile of gold.

#### #..#
#N$#######..#
#.§NNN...N.§#
##.#######8##
#.# #@# #.#
#C# #N#
..#####.#
......N.#
..#####.#
###.# #...#


You could see a naga warrior (catching breath, ally target), a naga sharpshooter
(ally target), a salamander, a friendly cactus giant (summoned) and a friendly
lightning spire (summoned).

Vanquished Creatures
  A hydra (Lair:3)
  Harold (D:9)
  An orc high priest (Orc:2)
  A shock serpent (Snake:1)
  A deep elf zephyrmancer (D:10)
  An orc knight (Orc:1)
  A deep elf pyromancer (D:10)
  An orc sorcerer (Orc:2)
  3 cyclopes
  3 naga magi (Snake:1)
  4 elephants
  2 black mambas (Lair:4)
  A salamander (Snake:1)
  2 cane toads
  A gargoyle (D:10)
  2 rime drakes
  2 trolls
  A polar bear (Lair:2)
  A hornet (Lair:5)
  A blink frog (Lair:2)
  2 dream sheep (Lair:5)
  A spriggan (Lair:5)
  5 yaks
  A vampire (D:9)
  A wyvern (Lair:2)
  A steam dragon (D:7)
  A vampire mosquito (D:8)
  A naga (Snake:1)
  A nameless horror (Lair:5)
  7 water moccasins
  4 orc warriors
  2 ice beasts
  A boggart (Lair:4)
  3 ogres
  4 wolves
  2 centaurs
  A phantom (D:6)
  A kobold brigand (D:10)
  6 bullfrogs
  A scorpion (D:5)
  2 killer bees
  4 howler monkeys
  3 electric eels (Snake:1)
  2 hounds
  4 jellies
  5 orc priests
  3 iguanas
  8 orc wizards
  A gnoll (D:7)
  An adder (D:3)
  A shadow imp (D:10)
  A white imp (D:5)
  An ufetubus (D:5)
  2 dart slugs
  24 orcs
  An endoplasm (D:2)
  3 giant cockroaches
  2 hobgoblins
  2 jackals (D:3)
  4 kobolds
  A quokka (D:3)
  A ball python (D:3)
  3 bats
  2 frilled lizards (D:2)
  A goblin (D:1)
  A pillar of salt (Orc:2)
160 creatures vanquished.

Vanquished Creatures (collateral kills)
  Azrael (Lair:3)
  4 hydras
  3 boulder beetles
  The ghost of Icepheonix32 the Transmogrifier, a journeyman DgTm (Lair:2)
  2 anacondas
  3 two-headed ogres
  A catoblepas (Lair:5)
  4 centaur warriors
  5 death yaks
  2 naga warriors
  2 naga sharpshooters (Snake:1)
  An orc high priest (Orc:1)
  6 orc knights
  3 deep elf pyromancers
  5 cyclopes
  A salamander (Snake:1)
  2 mana vipers (Snake:1)
  3 ugly things
  3 manticores
  An orc sorcerer (Orc:2)
  13 elephants
  11 nameless horrors
  5 black mambas
  A gargoyle (D:12)
  6 naga magi (Snake:1)
  A torpor snail (Lair:4)
  8 cane toads
  3 komodo dragons
  4 rime drakes
  2 unseen horrors (D:11)
  An efreet (D:13)
  5 trolls
  6 polar bears
  3 saltlings (Orc:2)
  4 hornets (Lair:5)
  14 blink frogs
  12 dream sheep
  10 spriggans
  A fire elemental (Snake:1)
  29 yaks
  A wraith (D:12)
  3 basilisks
  5 wyverns
  3 vampire mosquitoes
  2 wargs
  8 nagas (Snake:1)
  2 swamp worms (Lair:3)
  9 water moccasins
  6 hell hounds
  2 sky beasts (D:7)
  A swamp drake (D:10)
  6 black bears
  17 orc warriors
  3 boggarts (Lair:5)
  An ogre (D:4)
  8 centaurs
  24 wolves
  A kobold brigand (D:11)
  A phantom (D:6)
  12 bullfrogs
  9 killer bees (D:8)
  6 howler monkeys
  A crimson imp (D:10)
  2 jellies (Lair:4)
  6 orc priests
  A hound (D:7)
  An iron imp (D:10)
  4 iguanas
  7 orc wizards
  5 gnolls
  10 adders
  A shadow imp (D:5)
  2 white imps
  An ufetubus (D:4)
  4 worms
  38 orcs
  8 ball pythons
  5 bats
  6 endoplasms
  4 giant cockroaches (D:1)
  3 goblins
  11 hobgoblins
  7 jackals
  A quokka (D:1)
  3 frilled lizards
  15 kobolds
  5 rats
  3 pillars of salt (Orc:2)
476 creatures vanquished.

Vanquished Creatures (others)
  An ettin (Orc:2)
  A boulder beetle (D:11)
  A centaur warrior (D:12)
  An ugly thing (D:9)
  Joseph (D:9)
  4 elephants
  A cane toad (Lair:1)
  A komodo dragon (Lair:1)
  2 trolls
  A tyrant leech (Lair:3)
  3 spriggans (Lair:5)
  A wyvern (D:9)
  2 yaks (Lair:5)
  3 vampire mosquitoes (D:8)
  2 wargs (Orc:1)
  A swamp worm (Lair:3)
  A water moccasin (D:9)
  8 orc warriors
  A black bear (D:5)
  An ice beast (D:8)
  A wolf (Lair:5)
  A centaur (D:8)
  13 wights
  8 killer bees
  A howler monkey (D:9)
  An orc priest (D:10)
  2 gnoll boudas (D:7)
  An orc wizard (D:8)
  2 gnolls (D:7)
  A shadow imp (D:7)
  11 orcs
  A kobold (D:10)
  67 fungi
  A pillar of salt (Orc:2)
  63 plants
211 creatures vanquished.

Grand Total: 847 creatures vanquished

Notes
Turn   | Place    | Note
-------+----------+-------------------------------------------
     0 | D:1      | croobank the Felid Summoner began the quest for the Orb.
     0 | D:1      | Reached XP level 1. HP: 7/7 MP: 4/4
   205 | D:1      | Reached XP level 2. HP: 11/11 MP: 4/6
   208 | D:1      | Learned a level 2 spell: Call Imp
   256 | D:1      | Reached skill level 3 in Dodging
   768 | D:1      | Found a faded altar of an unknown god.
   998 | D:1      | Reached XP level 3. HP: 14/14 MP: 2/7
  1874 | D:2      | Learned a level 3 spell: Call Canine Familiar
  2062 | D:2      | Found a white marble altar of Elyvilon.
  2738 | D:2      | Reached XP level 4. HP: 18/18 MP: 8/8
  3205 | D:2      | Identified a scroll of acquirement
  3205 | D:2      | Acquired a book of Scorching
  3390 | D:3      | Reached skill level 4 in Dodging
  3498 | D:3      | Reached skill level 1 in Fighting
  3522 | D:3      | Reached XP level 5. HP: 20/22 MP: 1/10
  3527 | D:2      | Learned a level 2 spell: Scorch
  5543 | D:4      | Noticed an ogre
  5546 | D:4      | Killed an ogre
  5547 | D:4      | Reached skill level 5 in Summonings
  5547 | D:4      | Gained mutation: You are covered in thick fur. (AC +2)
                  | [Felid growth]
  5547 | D:4      | Reached XP level 6. HP: 26/26 MP: 4/12
  5710 | D:4      | Reached skill level 1 in Fire Magic
  6230 | D:5      | Entered Level 5 of the Dungeon
  6239 | D:3      | Found a sacrificial altar of Ru.
  6239 | D:3      | Found a broken altar of Ashenzari.
  6905 | D:4      | Reached skill level 5 in Dodging
  7118 | D:5      | Found a staircase to the Ecumenical Temple.
  7256 | Temple   | Entered the Ecumenical Temple
  7336 | Temple   | Became a worshipper of Gozag Ym Sagoz the Greedy
  7415 | D:5      | Identified the +10 shortbow of the Dungeon {flame, rC+
                  | Will+ Str+4}
  7596 | D:5      | Reached XP level 7. HP: 30/30 MP: 6/13
  8154 | D:5      | Found a large runed translucent door.
  8154 | D:5      | Found a large runed translucent door.
  8399 | D:5      | Learned a level 3 spell: Summon Guardian Golem
  8457 | D:5      | Reached skill level 1 in Hexes
  8508 | D:5      | Reached skill level 6 in Dodging
  8781 | D:5      | Reached XP level 8. HP: 34/34 MP: 4/15
  9388 | D:5      | Found an ornate altar of the Wu Jian Council.
  9475 | D:5      | Found a shimmering blue altar of Sif Muna.
 10518 | D:6      | Found a shimmering altar of Xom.
 10654 | D:7      | Reached skill level 7 in Dodging
 11214 | D:7      | Reached skill level 5 in Spellcasting
 11367 | D:7      | Reached XP level 9. HP: 34/39 MP: 8/17
 11456 | D:7      | Reached skill level 5 in Hexes
 11619 | D:7      | Found Zin's Purification Station.
 11619 | D:7      | Found a glowing silver altar of Zin.
 11783 | D:7      | Bought a potion of curing for 90 gold pieces
 12182 | D:7      | Reached skill level 5 in Fighting
 12616 | D:7      | Reached skill level 8 in Dodging
 13804 | D:8      | Noticed a troll
 13823 | D:8      | Killed a troll
 13925 | D:8      | Reached skill level 5 in Fire Magic
 14068 | D:8      | Found a snail-covered altar of Cheibriados.
 14074 | D:8      | Reached XP level 10. HP: 18/45 MP: 11/20
 14087 | D:8      | Reached skill level 9 in Dodging
 15219 | D:8      | Identified the +6 flail of Somewhere Else {vorpal, rElec}
 15230 | D:8      | Found a staircase to the Lair.
 15255 | D:8      | Learned a level 4 spell: Summon Lightning Spire
 15475 | D:8      | Found a blossoming altar of Fedhas.
 17071 | D:9      | Noticed Joseph
 17085 | D:9      | Noticed a purple ugly thing
 17125 | D:9      | Killed a purple ugly thing
 17276 | D:9      | Killed Joseph
 17277 | D:9      | Reached skill level 10 in Dodging
 17277 | D:9      | Reached skill level 1 in Air Magic
 17558 | D:9      | Found a transporter.
 17591 | D:9      | Found a shadowy altar of Dithmenos.
 17609 | D:9      | Noticed a toenail golem
 17711 | D:9      | Noticed a toenail golem
 17796 | D:9      | Found a one-way gate to the infinite horrors of the Abyss.
 17825 | D:9      | Noticed Icepheonix32's ghost (novice MiFi)
 17856 | D:9      | Found a transporter.
 17930 | D:9      | Noticed Harold
 17948 | D:9      | Killed Harold
 18352 | D:10     | Entered Level 10 of the Dungeon
 18384 | D:10     | Reached XP level 11. HP: 50/50 MP: 7/22
 18947 | D:10     | Found a staircase to the Orcish Mines.
 20289 | D:10     | Acquired the ring "Zused" {Drain rN+ Will+++ Dex-4 SInv}
 20383 | D:10     | Noticed a deep elf pyromancer
 20386 | D:10     | Killed a deep elf pyromancer
 20387 | D:10     | Reached skill level 11 in Dodging
 20420 | D:10     | Identified the +0 hat of Qaidgh {Harm *Slow rF+ Int+3}
 20426 | D:10     | Noticed a deep elf zephyrmancer
 20431 | D:10     | Killed a deep elf zephyrmancer
 20905 | D:10     | Found a hide-covered altar of Uskayaw.
 20972 | D:10     | Noticed a two-headed ogre
 20984 | D:10     | Killed a two-headed ogre
 21417 | Lair:1   | Entered Level 1 of the Lair of Beasts
 23145 | Lair:1   | Noticed an eight-headed hydra
 23151 | Lair:1   | Killed an eight-headed hydra
 23165 | Lair:1   | Gained mutation: Your thick and shaggy fur keeps you warm.
                  | (AC +3, rC+) [Felid growth]
 23165 | Lair:1   | Reached XP level 12. HP: 47/56 MP: 13/25
 23341 | Lair:1   | Reached skill level 12 in Dodging
 23977 | Lair:1   | Noticed a five-headed hydra
 23993 | Lair:1   | Killed a five-headed hydra
 23994 | Lair:1   | Reached skill level 5 in Air Magic
 24467 | Lair:2   | Reached skill level 10 in Summonings
 25081 | Lair:2   | Noticed a boulder beetle
 25525 | Lair:2   | Killed a boulder beetle
 26210 | Lair:2   | Reached skill level 13 in Dodging
 26473 | Lair:2   | Found a runed translucent gate.
 26473 | Lair:2   | Found a runed translucent gate.
 26473 | Lair:2   | Found a runed translucent gate.
 26476 | Lair:2   | Noticed Icepheonix32's ghost (journeyman DgTm)
 26501 | Lair:2   | Killed Icepheonix32's ghost
 27326 | Lair:3   | Reached skill level 10 in Fighting
 27504 | Lair:3   | Found a staircase to the Snake Pit.
 27548 | Lair:3   | Noticed a four-headed hydra
 27557 | Lair:3   | Noticed a six-headed hydra
 27576 | Lair:3   | Killed a four-headed hydra
 27604 | Lair:3   | Killed a six-headed hydra
 27934 | Lair:3   | Reached XP level 13. HP: 61/61 MP: 16/27
 28184 | Lair:3   | Found a staircase to the Swamp.
 29308 | Lair:4   | Found a staircase to the Slime Pits.
 29769 | Lair:4   | Reached skill level 14 in Dodging
 29769 | Lair:4   | Reached skill level 10 in Spellcasting
 29784 | Lair:4   | Killed by an exploding themself... ignited by their inner
                  | flame
 29785 | Lair:4   | Reached XP level 12. HP: -6/58 MP: 6/27
 30071 | Lair:3   | Learned a level 6 spell: Summon Cactus Giant
 31328 | Lair:4   | Reached skill level 15 in Dodging
 31668 | Lair:4   | Bought a potion of resistance for 140 gold pieces
 31673 | Lair:5   | Entered Level 5 of the Lair of Beasts
 32489 | Lair:5   | Noticed a death yak
 32497 | Lair:5   | Killed a death yak
 32654 | Lair:5   | Reached XP level 13. HP: 64/64 MP: 15/28
 32990 | Lair:5   | Reached skill level 16 in Dodging
 35473 | Lair:5   | Reached skill level 17 in Dodging
 36673 | Lair:5   | Identified the +8 falchion "Qekees" {vorpal, rPois Str+3}
 37082 | Lair:4   | Bought a scroll of blinking for 120 gold pieces
 37082 | Lair:4   | Bought a scroll of blinking for 120 gold pieces
 37233 | Orc:1    | Entered Level 1 of the Orcish Mines
 38036 | Orc:1    | Reached skill level 1 in Transmutations
 38888 | Orc:1    | Learned a level 4 spell: Airstrike
 38889 | Orc:2    | Entered Level 2 of the Orcish Mines
 39777 | Orc:2    | Reached XP level 14. HP: 70/70 MP: 2/29
 40093 | Orc:2    | Found a staircase to the Elven Halls.
 41818 | Orc:2    | Found Rijy's Antique Armour Boutique.
 41991 | Orc:2    | Found Pykkem's General Store.
 41993 | Orc:2    | Found Icenusas's General Store.
 42003 | Orc:2    | Bought 2 potions of magic for 224 gold pieces
 42111 | Orc:2    | Found Guastoxker's Book Shoppe.
 42128 | Orc:2    | Bought a potion of heal wounds for 75 gold pieces
 42128 | Orc:2    | Bought a wand of roots (4) for 144 gold pieces
 42137 | Orc:2    | Gained mutation: You expend magic power (3 MP) to
                  | strengthen your wands. [potion of mutation]
 42137 | Orc:2    | Gained mutation: You are dopey. (Int -2) [potion of
                  | mutation]
 42137 | Orc:2    | Gained mutation: You occasionally lose the ability to read
                  | scrolls when taking damage. [potion of mutation]
 42137 | Orc:2    | Gained mutation: Your spells are a little harder to cast,
                  | but a little more powerful. [potion of mutation]
 42138 | Orc:2    | Lost mutation: You are dopey. (Int -2) [potion of mutation]
 42138 | Orc:2    | Lost mutation: You expend magic power (3 MP) to strengthen
                  | your wands. [potion of mutation]
 42138 | Orc:2    | Lost mutation: You occasionally lose the ability to read
                  | scrolls when taking damage. [potion of mutation]
 42138 | Orc:2    | Gained mutation: You expend magic power (3 MP) to
                  | strengthen your wands. [potion of mutation]
 42138 | Orc:2    | Gained mutation: You are occasionally teleported next to
                  | monsters. [potion of mutation]
 42139 | Orc:2    | Lost mutation: Your spells are a little harder to cast, but
                  | a little more powerful. [potion of mutation]
 42139 | Orc:2    | Lost mutation: You are occasionally teleported next to
                  | monsters. [potion of mutation]
 42139 | Orc:2    | Lost mutation: You expend magic power (3 MP) to strengthen
                  | your wands. [potion of mutation]
 42139 | Orc:2    | Gained mutation: You passively dampen the noise of your
                  | surroundings. [potion of mutation]
 42139 | Orc:2    | Lost mutation: You passively dampen the noise of your
                  | surroundings. [potion of mutation]
 42146 | Orc:2    | Learned a level 5 spell: Yara's Violent Unravelling
 42206 | Elf:1    | Entered Level 1 of the Elven Halls
 42759 | D:11     | Found a white marble altar of Elyvilon.
 43474 | D:12     | Learned a level 3 spell: Swiftness
 45739 | D:12     | HP: 2/71 [centaur warrior/arrow (13)]
 45774 | D:13     | Found the +3 Elemental Staff {rElec rF++ rC++ AC+5}
 45774 | D:13     | Found Axosod's Antique Weapon Boutique.
 46898 | D:12     | Reached skill level 18 in Dodging
 47108 | D:12     | Identified the +4 quarterstaff of Circular Logic {vamp, Fly
                  | rC+ Str+3 Stlth+}
 47541 | D:12     | Got the Quarto of Hindering Beckoning
 48806 | D:13     | Found a transporter.
 48809 | D:13     | Noticed a stone giant
 48810 | D:13     | Noticed a stone giant
 48811 | D:13     | Found a transporter.
 48982 | D:13     | Reached skill level 1 in Translocations
 50038 | D:15     | Entered Level 15 of the Dungeon
 50306 | Snake:1  | Entered Level 1 of the Snake Pit
 50629 | Snake:1  | Reached skill level 5 in Transmutations
 51598 | Snake:1  | Noticed Azrael
 51909 | Lair:3   | Slain by an anaconda
 51910 | Lair:3   | Reached XP level 13. HP: -3/67 MP: 16/28
 51941 | Swamp:1  | Entered Level 1 of the Swamp
 51941 | Swamp:1  | Noticed a fenstrider witch
 52686 | Lair:3   | Killed Azrael
 52921 | Lair:3   | Reached XP level 14. HP: 72/72 MP: 9/29
 54534 | Snake:1  | Slain by a salamander
 54535 | Snake:1  | Reached XP level 13. HP: -5/67 MP: 28/29
 54557 | Snake:1  | Learned a level 5 spell: Summon Forest
 55019 | Snake:1  | Shot with a bolt by a naga sharpshooter

Illustrated notes

Levels and vault maps discovered:
D:1:      dpeg_arrival_prison, layout_rooms,
          shapermc_ecumenical_altar_notcrosses
D:2:      minmay_chambers_of_ones, layout_loops_ring, basic_altar,
          minmay_misc_feat_hallway
D:3:      minmay_spotlight, layout_rooms, nicolae_overflow_hidden_temple,
          lightli_corner_chamber
D:4:      minmay_door_path, layout_gridville, minmay_vboxes
D:5:      layout_basic, jmf_multi_god_temple2, minmay_temple_entry_sparse_star
D:6:      lemuel_ice_spiral_2, layout_rooms, mainiacjoe_overflow_small_starburst
D:7:      minmay_skewed_foursquare, layout_loops_ring, zin_purify
D:8:      layout_layer_cave, nicolae_overflow_crystal_walls, fedhas_altar_3,
          lair_entry_dummy, grunt_ministairs_14
D:9:      layout_basic, lemuel_tele_altar, gammafunk_ghost_abyssal_escape,
          uniq_harold, uniq_joseph
D:10:     layout_roguey, mainiacjoe_overflow_alcove_4, david_orc_5,
          hangedman_minor_magic
D:11:     layout_cave_pools, elyvilon_altar_5
D:12:     minmay_the_grid_four_pointed_star_mashed
          [minmay_the_grid_triangle_9x9_longest,
          minmay_the_grid_triangle_9x9_minimal,
          minmay_the_grid_triangle_9x9_skeleton,
          minmay_the_grid_triangle_9x9_zippers_vertical,
          minmay_the_grid_prize_four_corners], layout_loops_cross,
          chequers_serial_rivers_small_3, drop_trap
D:13:     gammafunk_beogh_shrine, layout_loops_ring, serial_shops,
          shop_fountains
D:14:     layout_long_grid, david_vaults_4, nicolae_two_hexagons, serial_shops,
          kennysheep_little_box, uniq_jorgrun
D:15:     grunt_enter_depths_snipers, layout_basic,
          hangedman_abyss_or_decor_lesser_grid
Temple:   hc_temple_tempest_star
Lair:1:   layout_roguey, grunt_megastairs_1
Lair:2:   layout_gridlike, ebering_ghost_rock_garden, nzn_sisyphean_effort,
          lemuel_fruit_fields
Lair:3:   layout_chaotic_city, palyth_hydra_swamp_entry, dummy_snake_entry,
          nicolae_quartered_pool_medium, st_stairs_5, minivault_26,
          lemuel_fruit_tree
Lair:4:   layout_hall_layers, nicolae_slime_entry_slimehenge
Lair:5:   minmay_lair_end_enchanted_forest, layout_loops_ring
Swamp:1:  layout_basic_swamp, evilmike_swamp_ruin_house_5
Snake:1:  layout_gridlike, grunt_ministairs_4, guppyfry_snake_island,
          grunt_megastairs_5, uniq_azrael, uniq_frances
Orc:1:    layout_caves, basic_altar, enter_volcano_3
Orc:2:    hellmonk_orc_salted, layout_caves
Elf:1:    nicolae_elf_arrival_no_cutting_in_line, layout_loops_ring,
          serial_shops, nicolae_shop_crystal, minmay_elf_sorcery,
          lemuel_upstairs_altar

Skill      XL: |  1  2  3  4  5  6  7  8  9 10 11 12 13 14 |
---------------+-------------------------------------------+-----
Stealth        | 3 |  3.8
Dodging        | 3 4 5 6 7 8 10 11 15 17 18 | 18.4
Fighting       | 1 2 3 4 5 7 8 11 14 | 14.2
Spellcasting   | 3 4 5 6 7 8 9 10 11 | 11.1
Summonings     | 5 6 7 8 9 10 11 | 11.7
Fire Magic     | 1 2 3 5 |  5.0
Hexes          | 2 4 5 7 6 |  7.0
Air Magic      | 2 4 6 7 |  7.0
Transmutations | 1 5 |  5.7
Translocations | 4 |  4.3

Action                   |  1- 3 |  4- 6 |  7- 9 | 10-12 | 13-15 || total
-------------------------+-------+-------+-------+-------+-------++-------
Melee: Unarmed           |    22 |    37 |    31 |    56 |    44 ||   190
       Bite              |     2 |     4 |     5 |    11 |     6 ||    28
       Punch             |       |       |     2 |     1 |     1 ||     4
 Cast: Summon Small Mamm |    42 |    27 |    15 |    21 |    11 ||   116
       Call Imp          |    13 |    18 |     4 |     7 |     5 ||    47
       Call Canine Famil |     6 |    24 |    18 |    31 |    28 ||   107
       Scorch            |       |    34 |    78 |   234 |    65 ||   411
       Summon Guardian G |       |       |    33 |    71 |    35 ||   139
       Summon Lightning  |       |       |       |   113 |   177 ||   290
       Summon Cactus Gia |       |       |       |    19 |   117 ||   136
       Airstrike         |       |       |       |       |    65 ||    65
       Swiftness         |       |       |       |       |    21 ||    21
       Summon Forest     |       |       |       |       |     3 ||     3
       Yara's Violent Un |       |       |       |       |     3 ||     3
Invok: Potion Petition   |       |       |     1 |     1 |     5 ||     7
       Call Merchant     |       |       |       |     2 |     2 ||     4
Evoke: Wand              |       |       |       |       |     8 ||     8
       Condenser vane    |       |       |       |       |     1 ||     1
  Use: Scroll            |       |    15 |     6 |     5 |    19 ||    45
       Potion            |       |       |     2 |     3 |    10 ||    15
 Stab: Sleeping          |     2 |     2 |       |       |       ||     4
       Distracted        |       |       |       |     1 |     4 ||     5
Armor: Skin              |     5 |     3 |     4 |    58 |    18 ||    88
Dodge: Dodged            |    32 |   108 |   124 |   444 |   466 ||  1174
